 Dungeon Crawl Stone Soup version 0.27-a0-412-g8dd771eca2 (webtiles) character file.

Game seed: 4995715534868224155

174 Chiseanne the Magician (level 5, 0/40 HPs)
             Began as a Demonspawn Wanderer on Feb 24, 2021.
             Shot with an arrow by a centaur (7 damage)
             ... on level 3 of the Dungeon.
             The game lasted 00:04:45 (3039 turns).

Chiseanne the Magician (Demonspawn Wanderer)        Turns: 3039, Time: 00:04:46

Health: 0/40       AC: 10    Str: 13    XL:     5   Next: 28%
Magic:  9/9        EV: 11    Int: 17    God:
Gold:   230        SH:  0    Dex:  9    Spells: 10/10 levels left

rFire    . . .     SeeInvis .   a - +0 quarterstaff
rCold    . . .     Faith    .   (shield currently unavailable)
rNeg     . . .     Spirit   .   j - +0 ring mail
rPois    .         Reflect  .   (no helmet)
rElec    .         Harm     .   (no cloak)
rCorr    .         Rampage  .   o - +2 pair of gloves
Will     .....                  (no boots)
Stlth    +.........             (no amulet)
HPRegen  0.13/turn              (no ring)
MPRegen  0.11/turn              (no ring)

@: no status effects
A: thin metallic scales 1, demonic magic 1
a: no special abilities


You were on level 3 of the Dungeon.
You visited 1 branch of the dungeon, and saw 3 of its levels.

You collected 230 gold pieces.

Inventory:

Hand Weapons
 a - a +0 quarterstaff (weapon)
 f - a +0 hunting sling
Missiles
 b - 4 throwing nets
 e - 39 poisoned darts (quivered)
 i - 22 arrows
 l - 25 bolts
 n - 6 sling bullets
Armour
 c - a +0 leather armour
 d - a +0 kite shield
 j - a +0 ring mail (worn)
 k - a +0 scale mail
 o - a +2 pair of gloves (worn)
Scrolls
 m - a scroll of identify
Potions
 h - 2 potions of curing


   Skills:
 * Level 2.9 Fighting
 - Level 1.0 Staves
 - Level 1.0 Throwing
 * Level 2.1 Armour
 * Level 2.9 Dodging
 - Level 1.0 Stealth
 - Level 1.0 Shields
 - Level 3.0 Spellcasting
 - Level 1.7 Transmutations


You had 10 spell levels left.
You didn't know any spells.
Your spell library was empty.

Dungeon Overview and Level Annotations

Branches:
Dungeon (3/15)

Altars:


Innate Abilities, Weirdness & Mutations

You are partially covered in thin metallic scales. (AC +2)
Spells you cast may paralyse adjacent enemies.


Message History

The centaur shoots an arrow.
The arrow hits you.
The centaur shoots an arrow.
The arrow closely misses you.
A bat comes into view.
The centaur shoots an arrow.
The arrow misses you.
The bat moves out of view.
A kobold comes into view. It is wielding a +0 dagger.
The kobold shouts!
An orc comes into view. It is wielding a +0 club.
You hit the centaur but do no damage.
The centaur unwields a +0 shortbow.
The centaur hits you. x2
You barely miss the centaur. The bat hits you but does no damage.
The centaur hits you. The bat barely misses you.
A leopard gecko comes into view.
The centaur barely misses you.
An orc priest comes into view. It is wielding a +0 flail.
The leopard gecko hisses angrily.
The orc priest shouts!
You hit the centaur but do no damage. The bat hits you but does no damage. x2
The centaur barely misses you.
An orc wizard comes into view.
It is wielding a +1 dagger of holy wrath.
The centaur hits you.
You are too injured to fight recklessly!
You barely miss the centaur.
The orc wizard shouts!
The bat hits you but does no damage. The centaur barely misses you.
The bat closely misses you. The centaur misses you.
You barely miss the centaur. The bat closely misses you.
The centaur barely misses you.
The kobold drinks a potion.
The kobold seems to grow stronger.
The bat barely misses you.
Okay, then.
Okay, then.
The centaur wields a +0 shortbow.
The centaur shoots an arrow.
The arrow hits you. The bat closely misses you. x2
The bat barely misses you. The kobold hits you but does no damage.
The leopard gecko bites you but does no damage.
The bat misses you. The bat hits you but does no damage.
The orc priest calls down the wrath of Beogh upon you.
Beogh smites you!
* * * LOW HITPOINT WARNING * * *
The centaur shoots an arrow.
The arrow hits you!
You die...

.... ..... .. .........#.# .# ##
... ........#..##.. .##...
..........[.. ......
#####......###.#### ..#... .
..##.....#.#o........##........
....#........o.............[.....
.............ol........<.#..##. .
............Kb.@........##.##.##
. #......$....c..............#..#
. #.....................##...#..
. #.........).[.........# #.... .
##..†.................## #.... .
#......................####...
.###....................#...##...
.#..............#......####.###.†
................#.###### #......


You could see a centaur, an orc priest, an orc wizard, an orc, a leopard gecko,
a bat and a kobold (strong).

Vanquished Creatures
  A hound skeleton (D:3)
  3 gnolls (D:3)
  5 adders
  An ooze (D:2)
  4 worms (D:2)
  2 dart slugs
  2 leopard geckos
  3 ball pythons
  9 bats
  2 giant cockroaches
  5 goblins
  8 hobgoblins
  A jackal (D:2)
  6 kobolds
  6 quokkas
  2 frilled lizards
  7 rats
67 creatures vanquished.

Notes
Turn   | Place    | Note
-------+----------+-------------------------------------------
     0 | D:1      | Chiseanne the Demonspawn Wanderer began the quest for the
                  | Orb.
     0 | D:1      | Chiseanne set off with the following items: a +0
                  | quarterstaff, 4 throwing nets, a +0 leather armour, a +0
                  | kite shield
     0 | D:1      | Reached XP level 1. HP: 13/13 MP: 4/4
   119 | D:1      | Reached skill level 1 in Fighting
   222 | D:1      | Gained mutation: You are partially covered in thin metallic
                  | scales. (AC +2) [demonic ancestry]
   222 | D:1      | Reached XP level 2. HP: 16/21 MP: 6/6
   836 | D:2      | Gained mutation: Spells you cast may paralyse adjacent
                  | enemies. [demonic ancestry]
   836 | D:2      | Reached XP level 3. HP: 14/27 MP: 7/7
  1329 | D:2      | Reached skill level 1 in Armour
  1734 | D:2      | Reached XP level 4. HP: 33/33 MP: 8/8
  2895 | D:3      | Reached XP level 5. HP: 39/39 MP: 9/9
  3025 | D:3      | Noticed a centaur
  3039 | D:3      | Shot with an arrow by a centaur

Illustrated notes

Levels and vault maps discovered:
D:1:      roderic_crossed_star, layout_basic
D:2:      minmay_chambers_of_twos, layout_loops_ring, minmay_fractal_squares_5
D:3:      layout_rooms

Skill      XL: |  1  2  3  4  5 |
---------------+----------------+-----
Fighting       | 1 2 |  2.9
Dodging        | 2 |  2.9
Armour         | 1 2 |  2.1
Staves         | |  1.0
Throwing       | |  1.0
Stealth        | |  1.0
Shields        | |  1.0
Spellcasting   | |  3.0
Transmutations | |  1.7

Action                   |  1- 3 |  4- 6 || total
-------------------------+-------+-------++-------
Melee: Quarterstaff      |   148 |   158 ||   306
Throw: Dart              |     8 |     8 ||    16
       Throwing net      |     1 |       ||     1
  Use: Potion            |     2 |       ||     2
       Scroll            |       |     3 ||     3
 Stab: Held in net/web   |     1 |       ||     1
Armor: Leather armour    |    26 |       ||    26
       Scale mail        |    63 |   111 ||   174
       Ring mail         |       |    33 ||    33
Dodge: Dodged            |   119 |   149 ||   268

Table legend: (Time is in decaauts)
 A = Elapsed time spent in this place.
 B = Non-inter-level travel time spent in this place.
 C = Inter-level travel time spent in this place.
 D = Time resting spent in this place.
 E = Time spent auto-exploring this place.
 F = Levels seen in this place.
 G = Mean time per level.
                   A        B        C        D        E       F      G
               +--------+--------+--------+--------+--------+-----+--------+
         Total |   3113 |   3057 |     56 |    719 |   1612 |   3 | 1037.7 |
       Dungeon |   3113 |   3057 |     56 |    719 |   1612 |   3 | 1037.7 |
               +--------+--------+--------+--------+--------+-----+--------+

Top non-repeatable levels by time:
     D:2: 1629 daAuts
     D:1: 824 daAuts
     D:3: 659 daAuts
